TOP OF THE 1ST |
Temiskaming District Secondary School Saints batting - Pitching for H.H. Dow HS Chargers : RHP Alejandro Ortíz
|
Pitching: RHP Alejandro Ortíz
|
|
Batting: RHB José Icaza
|
0-0: Ball 1-0: Swinging Strike 1-1: Foul Ball, location: 2F 1-2: Strikes out swinging
|
Batting: RHB Beau McNeill
|
0-0: SINGLE (Groundball, 4MD)
|
Batting: LHB Leonardo Torres
|
0-0: Foul Ball, location: 2F 0-1: Ball 1-1: Ball Beau McNeill steals 2nd base 2-1: Ground out 3-1 (Groundball, 34) Beau McNeill to third
|
Batting: RHB Louis-Joseph Perrier
|
0-0: Ball 1-0: Called Strike 1-1: Swinging Strike 1-2: Ball 2-2: Foul Ball, location: 2F 2-2: Strikes out swinging
|
Top of the 1st over - 0 run(s), 1 hit(s), 0 error(s), 1 left on base; Temiskaming District Secondary School 0 - H.H. Dow HS 0 |
BOTTOM OF THE 1ST |
H.H. Dow HS Chargers batting - Pitching for Temiskaming District Secondary School Saints : RHP Joe Boyd
|
Pitching: RHP Joe Boyd
|
|
Batting: LHB T.J. Richardson
|
0-0: Ball 1-0: Ball 2-0: Foul Ball, location: 2F 2-1: Ground out 4-3 (Groundball, 4M)
|
Batting: LHB Foster Clark
|
0-0: Called Strike 0-1: Ball 1-1: Called Strike 1-2: Ball 2-2: Ball 3-2: Base on Balls
|
Batting: RHB Melvin Matthews
|
0-0: Called Strike 0-1: Fly out, F9 (Flyball, 9LS)
|
Batting: RHB Roberto Ramírez
|
0-0: Ball 1-0: Foul Ball, location: 2F 1-1: Called Strike 1-2: Ball 2-2: Strikes out swinging
|
Bottom of the 1st over - 0 run(s), 0 hit(s), 0 error(s), 1 left on base; Temiskaming District Secondary School 0 - H.H. Dow HS 0 |
TOP OF THE 2ND |
Temiskaming District Secondary School Saints batting - Pitching for H.H. Dow HS Chargers : RHP Alejandro Ortíz
|
Batting: LHB Carlos Músquez
|
0-0: Called Strike 0-1: Called Strike 0-2: Ball 1-2: Ball 2-2: Ball 3-2: Fly out, F8 (Flyball, 8RM)
|
Batting: RHB Walt Miller
|
0-0: Ball 1-0: Ball 2-0: Ball 3-0: Fly out, F3 (Popup, 3)
|
Batting: RHB Tony Parker
|
0-0: Foul Ball, location: 2F 0-1: Ball 1-1: Foul Ball, location: 2F 1-2: Strikes out looking
|
Top of the 2nd over - 0 run(s), 0 hit(s), 0 error(s), 0 left on base; Temiskaming District Secondary School 0 - H.H. Dow HS 0 |
BOTTOM OF THE 2ND |
H.H. Dow HS Chargers batting - Pitching for Temiskaming District Secondary School Saints : RHP Joe Boyd
|
Batting: LHB Walt George
|
0-0: Called Strike 0-1: Ball 1-1: Ball 2-1: Ball 3-1: SINGLE (Line Drive, 4M)
|
Batting: LHB Joaquín Trejo
|
0-0: Called Strike 0-1: SINGLE (Groundball, 34D) Walt George to second Runner from 2nd tries for 3rd, SAFE, throw made to third
|
Batting: RHB Mario Ramírez
|
0-0: Ball 1-0: Ball 2-0: Ball 3-0: Called Strike 3-1: Foul Ball, location: 2F 3-2: SINGLE (Line Drive, 6D) Walt George scores Joaquín Trejo to second
|
Batting: RHB Pat Turner
|
0-0: Ball 1-0: Hit by Pitch Joaquín Trejo to third Mario Ramírez to second
|
Pinch Runner at 1st Bob Coztana:
|
|
Batting: RHB Keith Olson
|
0-0: Ball 1-0: Ball 2-0: Ball 3-0: Called Strike 3-1: Base on Balls Joaquín Trejo scores Mario Ramírez to third Bob Coztana to second
|
Batting: LHB T.J. Richardson
|
0-0: Called Strike 0-1: Ball 1-1: Ball 2-1: Grounds into fielders choice 1-2 (Groundball, 15S) Bob Coztana to third Keith Olson to second
|
Batting: LHB Foster Clark
|
0-0: Ball 1-0: Called Strike 1-1: Reached on error, E9 (Flyball, 9) Bob Coztana scores Keith Olson to third T.J. Richardson to second
|
Batting: RHB Melvin Matthews
|
0-0: Foul Ball, location: 2F 0-1: Foul Ball, location: 2F 0-2: Foul Ball, location: 2F 0-2: SINGLE (Groundball, 34D) Keith Olson scores T.J. Richardson to third Foster Clark to second Runner from 3rd tries for Home, SAFE, no throw
|
Batting: RHB Roberto Ramírez
|
0-0: Swinging Strike 0-1: Foul Ball, location: 2F 0-2: Ball 1-2: Strikes out swinging
|
Batting: LHB Walt George
|
0-0: Swinging Strike 0-1: Foul Ball, location: 2F 0-2: Foul Ball, location: 2F 0-2: Foul Ball, location: 2F 0-2: Ball 1-2: Ball 2-2: Ground out U3 (Groundball, 34)
|
Bottom of the 2nd over - 5 run(s), 4 hit(s), 1 error(s), 2 left on base; Temiskaming District Secondary School 0 - H.H. Dow HS 5 |
TOP OF THE 3RD |
Temiskaming District Secondary School Saints batting - Pitching for H.H. Dow HS Chargers : RHP Alejandro Ortíz
|
Now in CF: Bob Coztana
|
|
Batting: LHB Kevin McGee
|
0-0: Called Strike 0-1: Foul Ball, location: 2F 0-2: Ball 1-2: Ball 2-2: SOLO HOME RUN (Flyball, 89XD), Distance : 420 ft
|
Batting: RHB John Weber
|
0-0: Ball 1-0: Called Strike 1-1: Foul Ball, location: 2F 1-2: Ball 2-2: SINGLE (Line Drive, 6D)
|
Batting: RHB José Icaza
|
0-0: Foul Ball, location: 2F 0-1: Ball 1-1: Foul Ball, location: 2F 1-2: Ball 2-2: Grounds into double play, 5-4-3 (Groundball, 56)
|
Batting: RHB Beau McNeill
|
0-0: Ground out U3 (Groundball, 3)
|
Top of the 3rd over - 1 run(s), 2 hit(s), 0 error(s), 0 left on base; Temiskaming District Secondary School 1 - H.H. Dow HS 5 |
BOTTOM OF THE 3RD |
H.H. Dow HS Chargers batting - Pitching for Temiskaming District Secondary School Saints : RHP Joe Boyd
|
Batting: LHB Joaquín Trejo
|
0-0: Called Strike 0-1: Ball 1-1: Called Strike 1-2: SINGLE (Groundball, 34D)
|
Batting: RHB Mario Ramírez
|
0-0: Ball 1-0: Ball 2-0: SINGLE (Flyball, 78S) Joaquín Trejo to second
|
Batting: LHB Bob Coztana
|
0-0: Called Strike 0-1: Fly out, F7 (Flyball, 7LM)
|
Batting: RHB Keith Olson
|
0-0: Ball Joaquín Trejo steals 3rd base Mario Ramírez to second 1-0: Ball 2-0: Ball 3-0: Called Strike 3-1: Base on Balls
|
Batting: LHB T.J. Richardson
|
0-0: Called Strike 0-1: Swinging Strike 0-2: Strikes out looking
|
Batting: LHB Foster Clark
|
0-0: Ball 1-0: Ball 2-0: Called Strike 2-1: Fly out, F8 (Flyball, 8LM)
|
Bottom of the 3rd over - 0 run(s), 2 hit(s), 0 error(s), 3 left on base; Temiskaming District Secondary School 1 - H.H. Dow HS 5 |
TOP OF THE 4TH |
Temiskaming District Secondary School Saints batting - Pitching for H.H. Dow HS Chargers : RHP Alejandro Ortíz
|
Batting: LHB Leonardo Torres
|
0-0: Fly out, F7 (Flyball, 7)
|
Batting: RHB Louis-Joseph Perrier
|
0-0: Called Strike 0-1: Foul Ball, location: 2F 0-2: Ball 1-2: Ball 2-2: Foul Ball, location: 2F 2-2: Ball 3-2: SINGLE (Groundball, 56D)
|
Batting: LHB Carlos Músquez
|
0-0: Fly out, F8 (Flyball, 8RS)
|
Batting: RHB Walt Miller
|
0-0: Called Strike 0-1: Ball 1-1: Swinging Strike 1-2: Foul Ball, location: 2F 1-2: Strikes out looking
|
Top of the 4th over - 0 run(s), 1 hit(s), 0 error(s), 1 left on base; Temiskaming District Secondary School 1 - H.H. Dow HS 5 |
BOTTOM OF THE 4TH |
H.H. Dow HS Chargers batting - Pitching for Temiskaming District Secondary School Saints : RHP Joe Boyd
|
Pitching: RHP John Bauer
|
|
Batting: RHB Melvin Matthews
|
0-0: Called Strike 0-1: Called Strike 0-2: Ball 1-2: Ball 2-2: Strikes out looking
|
Batting: RHB Roberto Ramírez
|
0-0: Ground out 6-3 (Groundball, 56)
|
Batting: LHB Walt George
|
0-0: Foul Ball, location: 2F 0-1: Ball 1-1: SINGLE (Groundball, 34D)
|
Batting: LHB Joaquín Trejo
|
0-0: Ball 1-0: Fly out, F8 (Flyball, 8LM)
|
Bottom of the 4th over - 0 run(s), 1 hit(s), 0 error(s), 1 left on base; Temiskaming District Secondary School 1 - H.H. Dow HS 5 |
TOP OF THE 5TH |
Temiskaming District Secondary School Saints batting - Pitching for H.H. Dow HS Chargers : RHP Alejandro Ortíz
|
Batting: RHB Tony Parker
|
0-0: Swinging Strike 0-1: Swinging Strike 0-2: Foul Ball, location: 2F 0-2: Ball 1-2: Ball 2-2: Foul Ball, location: 2F 2-2: Foul Ball, location: 2F 2-2: Strikes out swinging
|
Batting: LHB Kevin McGee
|
0-0: Ball 1-0: Called Strike 1-1: Ball 2-1: Ball 3-1: Foul Ball, location: 2F 3-2: Foul Ball, location: 2F 3-2: Base on Balls
|
Batting: RHB John Weber
|
0-0: SINGLE (Line Drive, 7LS) Kevin McGee to second
|
Batting: RHB José Icaza
|
0-0: Ball 1-0: Fly out, F6 (Line Drive, 6)
|
Pitching: RHP Conrad Berry
|
|
Batting: RHB Beau McNeill
|
0-0: Called Strike 0-1: Called Strike 0-2: Foul Ball, location: 2F 0-2: Ball 1-2: Ball 2-2: Ground out 3-1 (Groundball, 34)
|
Top of the 5th over - 0 run(s), 1 hit(s), 0 error(s), 2 left on base; Temiskaming District Secondary School 1 - H.H. Dow HS 5 |
BOTTOM OF THE 5TH |
H.H. Dow HS Chargers batting - Pitching for Temiskaming District Secondary School Saints : RHP John Bauer
|
Batting: RHB Mario Ramírez
|
0-0: Called Strike 0-1: Called Strike 0-2: Ball 1-2: Strikes out looking
|
Batting: LHB Bob Coztana
|
0-0: Ball 1-0: Ball 2-0: Foul Ball, location: 2F 2-1: Called Strike 2-2: Strikes out swinging, 2-3 out at first.
|
Batting: RHB Keith Olson
|
0-0: Foul Ball, location: 2F 0-1: Swinging Strike 0-2: Ball 1-2: Ball 2-2: Ground out 5-3 (Groundball, 56)
|
Bottom of the 5th over - 0 run(s), 0 hit(s), 0 error(s), 0 left on base; Temiskaming District Secondary School 1 - H.H. Dow HS 5 |
TOP OF THE 6TH |
Temiskaming District Secondary School Saints batting - Pitching for H.H. Dow HS Chargers : RHP Conrad Berry
|
Batting: LHB Leonardo Torres
|
0-0: Foul Ball, location: 2F 0-1: Swinging Strike 0-2: Foul Ball, location: 2F 0-2: Ball 1-2: Ball 2-2: SINGLE (Line Drive, 8LS)
|
Batting: RHB Louis-Joseph Perrier
|
0-0: Ball 1-0: Ball 2-0: SINGLE (Flyball, 89S) Leonardo Torres to second
|
Batting: LHB Carlos Músquez
|
0-0: Foul Ball, location: 2F 0-1: Ball 1-1: Grounds into double play, 4-6-3 (Groundball, 4M) Leonardo Torres to third
|
Batting: RHB Walt Miller
|
0-0: Ball 1-0: Ground out 6-3 (Groundball, 6)
|
Top of the 6th over - 0 run(s), 2 hit(s), 0 error(s), 1 left on base; Temiskaming District Secondary School 1 - H.H. Dow HS 5 |
BOTTOM OF THE 6TH |
H.H. Dow HS Chargers batting - Pitching for Temiskaming District Secondary School Saints : RHP John Bauer
|
Batting: LHB T.J. Richardson
|
0-0: Ball 1-0: Ball 2-0: Ball 3-0: Called Strike 3-1: Fly out, F8 (Flyball, 8RD)
|
Batting: LHB Foster Clark
|
0-0: Called Strike 0-1: Ground out 4-3 (Groundball, 4)
|
Batting: RHB Melvin Matthews
|
0-0: Ball 1-0: Ball 2-0: Ball 3-0: Base on Balls
|
Batting: RHB Roberto Ramírez
|
0-0: Called Strike 0-1: Foul Ball, location: 2F 0-2: Fly out, F9 (Flyball, 9LD)
|
Bottom of the 6th over - 0 run(s), 0 hit(s), 0 error(s), 1 left on base; Temiskaming District Secondary School 1 - H.H. Dow HS 5 |
TOP OF THE 7TH |
Temiskaming District Secondary School Saints batting - Pitching for H.H. Dow HS Chargers : RHP Conrad Berry
|
Batting: RHB Tony Parker
|
0-0: Ball 1-0: Called Strike 1-1: Foul Ball, location: 2F 1-2: Ball 2-2: Foul Ball, location: 2F 2-2: Foul Ball, location: 2F 2-2: Strikes out swinging
|
Batting: LHB Kevin McGee
|
0-0: Called Strike 0-1: Ball 1-1: Ball 2-1: Ball 3-1: Base on Balls
|
Batting: RHB John Weber
|
0-0: Ball 1-0: Swinging Strike 1-1: Ball 2-1: Swinging Strike 2-2: Ball 3-2: Foul Ball, location: 2F 3-2: Strikes out swinging
|
Batting: RHB José Icaza
|
0-0: Ball Kevin McGee steals 2nd base 1-0: Ball 2-0: Ball 3-0: Called Strike 3-1: Called Strike 3-2: Ground out 5-3 (Groundball, 5S)
|
Top of the 7th over - 0 run(s), 0 hit(s), 0 error(s), 1 left on base; Temiskaming District Secondary School 1 - H.H. Dow HS 5 |
BOTTOM OF THE 7TH |
H.H. Dow HS Chargers batting - Pitching for Temiskaming District Secondary School Saints : RHP John Bauer
|
Batting: LHB Walt George
|
0-0: Called Strike 0-1: Foul Ball, location: 2F 0-2: Ball 1-2: Ball 2-2: Foul Ball, location: 2F 2-2: Foul Ball, location: 2F 2-2: Ground out U3 (Groundball, 34S)
|
Batting: LHB Joaquín Trejo
|
0-0: Ball 1-0: SOLO HOME RUN (Flyball, 9LD), Distance : 352 ft
|
Batting: RHB Mario Ramírez
|
0-0: Foul Ball, location: 2F 0-1: Ball 1-1: Foul Ball, location: 2F 1-2: Strikes out looking
|
Pitching: RHP Kenneth Williams
|
|
Batting: LHB Bob Coztana
|
0-0: Ball 1-0: Foul Ball, location: 2F 1-1: Ball 2-1: Fly out, F8 (Flyball, 8RM)
|
Bottom of the 7th over - 1 run(s), 1 hit(s), 0 error(s), 0 left on base; Temiskaming District Secondary School 1 - H.H. Dow HS 6 |
TOP OF THE 8TH |
Temiskaming District Secondary School Saints batting - Pitching for H.H. Dow HS Chargers : RHP Conrad Berry
|
Batting: RHB Beau McNeill
|
0-0: Foul Ball, location: 2F 0-1: Swinging Strike 0-2: Ball 1-2: Fly out, F8 (Flyball, 8LM)
|
Batting: LHB Leonardo Torres
|
0-0: Called Strike 0-1: Ball 1-1: SINGLE (Groundball, 3D)
|
Batting: RHB Louis-Joseph Perrier
|
0-0: Ball 1-0: Ball 2-0: Ball 3-0: Called Strike 3-1: Called Strike 3-2: SINGLE (Groundball, 4D) (infield hit) Leonardo Torres to second
|
Pitching: RHP Zack Quintero
|
|
Batting: LHB Carlos Músquez
|
0-0: Ball 1-0: Foul Ball, location: 2F 1-1: Fly out, F7 (Flyball, 78S)
|
Batting: RHB Walt Miller
|
0-0: Called Strike 0-1: Ball 1-1: Ball 2-1: Foul Ball, location: 2F 2-2: Ball 3-2: Base on Balls Leonardo Torres to third Louis-Joseph Perrier to second
|
Pitching: RHP Junior Pineault
|
|
Batting: RHB Tony Parker
|
0-0: Fly out, F8 (Flyball, 8RD)
|
Top of the 8th over - 0 run(s), 2 hit(s), 0 error(s), 3 left on base; Temiskaming District Secondary School 1 - H.H. Dow HS 6 |
BOTTOM OF THE 8TH |
H.H. Dow HS Chargers batting - Pitching for Temiskaming District Secondary School Saints : RHP Kenneth Williams
|
Batting: RHB Keith Olson
|
0-0: Ball 1-0: Ball 2-0: Fly out, F7 (Flyball, 7S)
|
Batting: LHB T.J. Richardson
|
0-0: Called Strike 0-1: Swinging Strike 0-2: Ball 1-2: Foul Ball, location: 2F 1-2: Foul Ball, location: 2F 1-2: Ball 2-2: Hit by Pitch
|
Batting: LHB Foster Clark
|
0-0: Called Strike 0-1: Ball 1-1: Foul Ball, location: 2F 1-2: Reached on error, E4 (Groundball, 4) T.J. Richardson to second
|
Batting: RHB Melvin Matthews
|
0-0: Foul Ball, location: 2F 0-1: Ball Foster Clark is caught stealing 2nd base 1-1: Ball 2-1: Foul Ball, location: 2F 2-2: Foul Ball, location: 2F 2-2: Foul Ball, location: 2F 2-2: Ball 3-2: Fly out, F4 (Popup, 4D)
|
Bottom of the 8th over - 0 run(s), 0 hit(s), 1 error(s), 1 left on base; Temiskaming District Secondary School 1 - H.H. Dow HS 6 |
TOP OF THE 9TH |
Temiskaming District Secondary School Saints batting - Pitching for H.H. Dow HS Chargers : RHP Junior Pineault
|
Batting: LHB Kevin McGee
|
0-0: Called Strike 0-1: Ball 1-1: Foul Ball, location: 2F 1-2: Ball 2-2: Ball 3-2: Strikes out swinging, 2-3 out at first.
|
Batting: RHB John Weber
|
0-0: Called Strike 0-1: Called Strike 0-2: Ball 1-2: Strikes out looking
|
Batting: RHB José Icaza
|
0-0: Ball 1-0: Foul Ball, location: 2F 1-1: Ball 2-1: Foul Ball, location: 2F 2-2: Ball 3-2: Foul Ball, location: 2F 3-2: Foul Ball, location: 2F 3-2: Foul Ball, location: 2F 3-2: Strikes out looking
|
Top of the 9th over - 0 run(s), 0 hit(s), 0 error(s), 0 left on base; Temiskaming District Secondary School 1 - H.H. Dow HS 6 |
|